 Dungeon Crawl Stone Soup version 0.28-a0-895-g6e5f11bd55 (webtiles) character file.

Game seed: 5220906095707524787

6480 vineage the Fighter (level 11, -3/79 HPs)
             Began as a Gargoyle Fighter on Nov 22, 2021.
             Was a High Priest of Okawaru.
             Slain by a large abomination (4 damage)
             ... on level 1 of the Abyss.
             The game lasted 00:13:24 (10046 turns).

vineage the Fighter (Gargoyle Fighter)             Turns: 10046, Time: 00:13:25

Health: -3/79      AC: 28    Str: 20    XL:     11   Next: 0%
Magic:  5/11       EV:  8    Int:  9    God:    Okawaru [*****.]
Gold:   533        SH:  7    Dex: 12    Spells: 10/10 levels left

rFire   x . .      SeeInvis .   a - +0 flail
rCold   + . .      Faith    .   o - +2 buckler
rNeg    + + .      Spirit   .   q - +2 chain mail {rN+}
rPois   ∞          Reflect  .   j - +0 helmet
rElec   +          Harm     .   B - +0 cloak
rCorr   .          Rampage  .   s - +2 pair of gloves
Will    .....                   l - +0 pair of boots
Stlth   ..........              r - amulet of the acrobat
HPRegen 0.23/turn               n - ring of ice
MPRegen 0.12/turn               m - ring of wizardry

@: no status effects
A: sickness immunity, AC +8, negative energy resistance 1, electricity
resistance, torment resistance 1, petrification resistance
a: Renounce Religion, Heroism, Finesse, Duel


You were on level 1 of the Abyss.
You worshipped Okawaru.
Okawaru was extremely pleased with you.
You visited 3 branches of the dungeon, and saw 11 of its levels.
You visited the Abyss 1 time.

You collected 533 gold pieces.

Inventory:

Hand Weapons
 a - a +0 flail (weapon)
Armour
 j - a +0 helmet (worn)
 l - a +0 pair of boots (worn)
 o - a +2 buckler (worn)
 q - a +2 chain mail of positive energy (worn)
 s - a +2 pair of gloves (worn)
 B - a +0 cloak (worn)
Jewellery
 m - a ring of wizardry (right hand)
 n - a ring of ice (left hand)
 r - an amulet of the acrobat (around neck)
 x - a +4 ring of evasion
 A - a ring of ice
 C - a +6 ring of dexterity
Wands
 c - a wand of mindburst (13)
Scrolls
 b - a scroll of immolation
 f - 3 scrolls of teleportation
 h - a scroll of silence
 p - a scroll of identify
 z - a scroll of fear
Potions
 d - 3 potions of curing
 e - a potion of cancellation
 g - 2 potions of mutation
 i - a potion of resistance
 k - 3 potions of attraction
 t - a potion of ambrosia
 u - a potion of haste
 v - a potion of heal wounds
 w - a potion of lignification {unknown}


   Skills:
 + Level 13.9 Fighting
 + Level 6.3 Maces & Flails
 + Level 7.4 Armour
 + Level 7.4 Shields


You had 10 spell levels left.
You didn't know any spells.
Your spell library contained the following spells:

 Spells                   Type           Power      Damage    Failure   Level
 Magic Dart               Conj           0%         1d3       75%         1
 Dazzling Flash           Conj/Hex       0%         N/A       98%         3
 Gell's Gravitas          Tloc           0%         N/A       98%         3
 Mephitic Cloud           Conj/Pois/Air  0%         N/A       98%         3
 Ozocubu's Armour         Ice            0%         N/A       98%         3
 Teleport Other           Tloc           0%         N/A       98%         3
 Agony                    Necr           0%         N/A       100%        5
 Fireball                 Conj/Fire      0%         3d3       100%        5
 Iskenderun's Battlesphe  Conj           0%         2d6       100%        5
 Silence                  Hex/Air        0%         N/A       100%        5
 Conjure Ball Lightning   Conj/Air       0%         3x3d6     100%        6
 Dispersal                Tloc           0%         N/A       100%        6
 Orb of Destruction       Conj           0%         N/A       100%        7
 Ozocubu's Refrigeration  Ice            0%         4d5       100%        7
 Call Imp                 Summ           Unusable   N/A       N/A         2

Dungeon Overview and Level Annotations

Branches:
Dungeon (9/15)             Temple (1/1) D:5            Lair (1/6) D:8
    Orc: D:9-12

Altars:
Ashenzari
Cheibriados
Dithmenos
Elyvilon
Fedhas
Gozag
Hepliaklqana
Kikubaaqudgha
Nemelex Xobeh
Okawaru
Qazlal
Ru
Sif Muna
Trog
Uskayaw
Vehumet
Wu Jian
Xom
Yredelemnul
Zin
The Shining One

Shops:
D:4 *

Annotations:
D:9 Psyche


Innate Abilities, Weirdness & Mutations

You are immune to sickness and miasma.
Your stone body is resilient. (AC +8)
You are immune to poison.
You resist negative energy. (rN+)
You are resistant to electric shocks. (rElec)
You are resistant to unholy torment.
You are immune to petrification.


Message History

A starcursed mass comes into view.
A starcursed mass splits.
A starcursed mass splits.
A chorus of shrieks assaults your mind.
A starcursed mass splits.
A starcursed mass splits.
A deafening chorus of shrieks assaults your mind!
A chorus of shrieks assaults your mind.
A starcursed mass splits.
A chorus of shrieks assaults your mind. A chorus of shrieks assaults your mind.
Found a scroll of teleportation.
Found a war axe.
A large abomination is nearby!
You see here a scroll of teleportation.
The large abomination misses you.
You see here a scroll of teleportation.
f - 5 scrolls of teleportation (gained 1)
A starcursed mass splits.
As you read the scroll of teleportation, it crumbles to dust.
You feel strangely unstable.
You feel the power of the Abyss delaying your translocation!
The large abomination hits you but does no damage.
A chorus of shrieks assaults your mind.
* * * LOW HITPOINT WARNING * * *
Found a leather armour.
A starcursed mass splits.
A starcursed mass splits.
You see here a +0 war axe.
A large abomination comes into view.
A deafening chorus of shrieks assaults your mind!
* * * LOW HITPOINT WARNING * * *
You suddenly lose the ability to move!
A starcursed mass splits.
You can move again.
As you read the scroll of teleportation, it crumbles to dust.
You feel strangely stable.
A deafening chorus of shrieks assaults your mind!
* * * LOW HITPOINT WARNING * * *
You shrug off the repeated paralysis!
The large abomination hits you.
You die...

..# . ....#.
.. .##.. #.
#..#. #.# . .#
..§...# . .
X......##.#..
..###..XX... .
......###.##.#
#. .XX##X.@#
.#...#X.##X#
#XXX.#X.X##
XX...#X#.##
..#.§.#..## #
####X#[§.#
##.#.....X ...
# ##...# #.
..#. #. #


You could see 7 starcursed masses and 2 large abominations.

Vanquished Creatures
  A deep elf elementalist (Abyss:1)
  A two-headed ogre (D:8)
  An elephant (D:8)
  Joseph (D:7)
  Prince Ribbit (D:6)
  Sigmund (D:2)
  A wraith (D:6)
  4 yaks (D:8)
  A steam dragon (D:9)
  2 basilisks
  3 water moccasins
  3 black bears
  An orc warrior (D:8)
  An ice beast (D:6)
  2 ogres (D:5)
  A sky beast (D:5)
  A hornet zombie (D:6)
  4 necrophages
  5 centaurs
  A phantom (D:5)
  Blork the orc (D:6)
  A bullfrog (D:7)
  2 scorpions
  A wyvern zombie (D:7)
  2 wyvern skeletons
  3 wights (D:7)
  2 howler monkeys
  A centaur zombie (D:6)
  A bullfrog zombie (D:5)
  5 hounds
  4 orc priests
  Crazy Yiuf (D:7)
  A bullfrog skeleton (D:5)
  2 gnoll shamans
  A centaur skeleton (D:7)
  4 orc wizards
  8 gnolls
  5 adders
  A shadow imp (D:7)
  3 white imps
  2 ufetubi (D:5)
  2 worms (D:2)
  A dart slug (D:5)
  20 orcs
  8 ball pythons
  5 bats
  10 endoplasms
  5 giant cockroaches
  5 goblins
  5 hobgoblins
  3 jackals (D:3)
  5 kobolds
  3 quokkas
  5 frilled lizards
  8 rats
172 creatures vanquished.

Vanquished Creatures (others)
  10 plants (D:2)
10 creatures vanquished.

Grand Total: 182 creatures vanquished

Notes
Turn   | Place    | Note
-------+----------+-------------------------------------------
     0 | D:1      | vineage the Gargoyle Fighter began the quest for the Orb.
     0 | D:1      | Reached XP level 1. HP: 14/14 MP: 1/1
     6 | D:1      | You fall into a shaft and drop 1 floor!
   101 | D:2      | Found a blossoming altar of Fedhas.
   123 | D:2      | Reached skill level 4 in Fighting
   123 | D:2      | Reached XP level 2. HP: 9/20 MP: 2/2
   368 | D:2      | Noticed Sigmund
   410 | D:2      | Reached XP level 3. HP: 8/24 MP: 0/3
   423 | D:1      | HP: 1/24 [adder (3)]
   715 | D:1      | Reached skill level 5 in Fighting
   718 | D:1      | HP: 1/26 [hobgoblin (4)]
  1463 | D:1      | Reached XP level 4. HP: 30/31 MP: 4/4
  1568 | D:2      | Killed Sigmund
  1569 | D:2      | Reached skill level 7 in Fighting
  1569 | D:2      | Reached XP level 5. HP: 10/38 MP: 5/5
  1569 | D:2      | Reached XP level 6. HP: 11/44 MP: 6/6
  2861 | D:4      | Found Wiw Jul's Overcharged Wands.
  3406 | D:5      | Entered Level 5 of the Dungeon
  3423 | D:5      | Noticed a necrophage
  3514 | D:5      | Noticed a sky beast
  3542 | D:5      | Killed a sky beast
  3543 | D:5      | Reached skill level 8 in Fighting
  3543 | D:5      | Reached XP level 7. HP: 50/50 MP: 7/7
  3579 | D:5      | Reached skill level 9 in Fighting
  4194 | D:5      | Reached skill level 10 in Fighting
  4225 | D:5      | Reached XP level 8. HP: 23/57 MP: 8/8
  4957 | D:5      | Found a staircase to the Ecumenical Temple.
  4968 | Temple   | Entered the Ecumenical Temple
  5007 | Temple   | Became a worshipper of Warmaster Okawaru
  5258 | D:6      | Noticed a wraith
  5283 | D:6      | Killed a wraith
  5284 | D:6      | Reached skill level 11 in Fighting
  5604 | D:6      | Reached * piety under Okawaru
  5605 | D:6      | Reached skill level 12 in Fighting
  5675 | D:6      | Reached XP level 9. HP: 23/66 MP: 9/9
  6509 | D:6      | Noticed Prince Ribbit
  6524 | D:6      | Killed Prince Ribbit
  6636 | D:6      | Noticed Blork the orc
  6648 | D:6      | Killed Blork the orc
  6855 | D:7      | Reached ** piety under Okawaru
  7039 | D:7      | Noticed Joseph
  7076 | D:7      | Killed Joseph
  7077 | D:7      | Reached skill level 13 in Fighting
  7077 | D:7      | Reached skill level 5 in Armour
  7077 | D:7      | Reached skill level 5 in Shields
  8095 | D:7      | Found a runed translucent door.
  8096 | D:7      | Noticed Crazy Yiuf
  8101 | D:7      | Killed Crazy Yiuf
  8216 | D:8      | Noticed a two-headed ogre
  8221 | D:8      | Reached XP level 10. HP: 73/73 MP: 10/10
  8230 | D:8      | Killed a two-headed ogre
  8230 | D:8      | Reached *** piety under Okawaru
  8388 | D:8      | Reached skill level 5 in Maces & Flails
  8507 | D:8      | Noticed an elephant
  8537 | D:8      | Killed an elephant
  8537 | D:8      | Reached **** piety under Okawaru
  8904 | D:8      | Found a staircase to the Lair.
  9383 | Lair:1   | Entered Level 1 of the Lair of Beasts
  9924 | D:9      | Noticed a wizard
  9924 | D:9      | Noticed Psyche
  9927 | D:9      | Cast into level 1 of the Abyss (Psyche)
  9928 | Abyss:1  | Found a corrupted altar of Lugonu.
  9939 | Abyss:1  | Found a corrupted altar of Lugonu.
  9975 | Abyss:1  | Noticed a deep elf elementalist
  9992 | Abyss:1  | Killed a deep elf elementalist
  9992 | Abyss:1  | Reached ***** piety under Okawaru
  9993 | Abyss:1  | Reached XP level 11. HP: 73/79 MP: 8/11
  9994 | Abyss:1  | Noticed a large abomination
 10012 | Abyss:1  | Noticed a starcursed mass
 10045 | Abyss:1  | Paralysed by accursed screaming for 1 turns
 10046 | Abyss:1  | HP: 1/79 [starcursed mass/accursed screaming (12)]
 10046 | Abyss:1  | Slain by a large abomination

Illustrated notes

Levels and vault maps discovered:
D:1:      sevenhm_arrival_forest_fort_small_6, layout_rooms
D:2:      layout_basic, basic_altar, serial_bayou_lagoon_b, uniq_sigmund
D:3:      layout_rooms
D:4:      layout_cave_pods, nicolae_shop_overcharged_wands
D:5:      layout_cave_pools, temple_hall
D:6:      layout_basic, uniq_prince_ribbit1, uniq_blork_the_orc
D:7:      layout_basic, uniq_joseph, uniq_crazy_yiuf_cottage
D:8:      layout_cave_pools, david_lair_generic
D:9:      layout_loops_ring, lightli_wizard_tower, uniq_psyche
Temple:   nicolae_temple_the_god_donut
Lair:1:   layout_regular_city, uniq_grum
Abyss:1:  base: D:9, evilmike_abyss_exit_plants

Skill      XL: |  1  2  3  4  5  6  7  8  9 10 |
---------------+-------------------------------+-----
Fighting       | 4 5 7 8 10 12 13 | 13.9
Shields        | 5 7 |  7.4
Armour         | 5 7 |  7.4
Maces & Flails | 4 6 |  6.3

Action                   |  1- 3 |  4- 6 |  7- 9 | 10-12 || total
-------------------------+-------+-------+-------+-------++-------
Melee: Flail             |    89 |   147 |   454 |   237 ||   927
Invok: Heroism           |       |       |       |     5 ||     5
  Use: Scroll            |     3 |     4 |    10 |     3 ||    20
       Potion            |     2 |     1 |     3 |       ||     6
Armor: Scale mail        |    57 |    62 |       |       ||   119
       Chain mail        |       |    26 |   318 |   191 ||   535
Dodge: Dodged            |    56 |    57 |   181 |    86 ||   380
Block: Buckler           |    28 |    28 |   156 |    72 ||   284

Table legend: (Time is in decaauts)
 A = Elapsed time spent in this place.
 B = Non-inter-level travel time spent in this place.
 C = Inter-level travel time spent in this place.
 D = Time resting spent in this place.
 E = Time spent auto-exploring this place.
 F = Levels seen in this place.
 G = Mean time per level.
                   A        B        C        D        E       F      G
               +--------+--------+--------+--------+--------+-----+--------+
         Total |  10313 |   9943 |    370 |   1173 |   6642 |  12 |  859.4 |
       Dungeon |   9923 |   9570 |    353 |   1173 |   6428 |   9 | 1102.6 |
        Temple |    254 |    237 |     17 |      0 |    214 |   1 |  254.0 |
          Lair |     16 |     16 |      0 |      0 |      0 |   1 |   16.0 |
         Abyss |    118 |    118 |      0 |      0 |      0 |   1 |  118.0 |
               +--------+--------+--------+--------+--------+-----+--------+

Top non-repeatable levels by time:
     D:6: 1611 daAuts
     D:7: 1427 daAuts
     D:8: 1354 daAuts
     D:5: 1288 daAuts
     D:2: 1192 daAuts
     D:1: 1153 daAuts
     D:4: 1145 daAuts
     D:3: 379 daAuts
     D:9: 371 daAuts
  Temple: 254 daAuts
 Abyss:1: 118 daAuts
  Lair:1: 16 daAuts
